[Event "*** SCC Grand Prix: Titled Tuesday Blitz"]
[Site "Chess.com"]
[Date "2020.06.23"]
[Round "8"]
[White "penguingm1"]
[Black "Harsha_Bharathakoti"]
[Result "1-0"]
[WhiteElo "2919"]
[BlackElo "2830"]
[TimeControl "180+1"]
[EndTime "11:36:50 PDT"]
[Termination "penguingm1 won by resignation"]

1. d4 d5 2. Bf4 Nf6 3. e3 e6 4.
Nf3 Bd6 5. Nbd2 O-O 6. c3 b6 7. Ne5 Bb7 8. Bg5 Be7 9. Bd3 Nbd7 10. f4 Ne4 11. Bxe7 Qxe7 12. O-O Ndf6 13. Ndf3 Nd6 14. a4 a5 15. Bb5 Nxb5 16. axb5 Ne4 17. Qa4 f6 18. Nc6 Qd7 19. Rfc1 Nd6 20. b3 Nxb5 21.
Qxb5 Bxc6 22. Qd3 a4 23. bxa4 Bxa4 24. c4 dxc4 25. Qxc4 Bb5 26. Qc3 Rxa1 27. Rxa1 Rc8 28. Rc1 c5 29. h3 Bc6 30. Ne1 Bb7 31. Qb2 cxd4 32. Rd1 Qc6 33. Qxd4 h6 34. Rb1 b5 35. Qb4 Ba6 36. Nf3 Qc5 37. Qe4 Qd5 38. Qb4 Qc5 39. Qe4 Qc6 40. Qg6 Qd7 41. Nd4 e5 42. Nf5 Kh8 43.
fxe5 fxe5 44. Rf1 Rg8 45. Qh5 Qe6 46. Nh4 b4 47. Ng6+ Kh7 48. Nf8+ Rxf8 49. Rxf8 Bd3 50. Rb8 Qd6 51. Qe8 Qc5 52. Qg8+ Kg6 53. Qe6+ Kh7 54.
Kf2 Qc2+ 55. Kg3 Qc5 56. Kf3 e4+ 57. Kf2 Qc2+ 58. Kg3 Qc5 59. Qg8+ Kg6 60. Qe8+ Kh7 61. Qh8+ Kg6 62. Kh2 Qxe3 63. Qe8+ Kh7 64. Qf7 Qg5 65.
Qg8+ Kg6 66. Rb6+ Kh5 67. Qf7+ Kh4 68. Qf2+ Kh5 69. g4+ 1-0

[Event "*** SCC Grand Prix: Titled Tuesday Blitz"]
[Site "Chess.com"]
[Date "2020.06.23"]
[Round "8"]
[White "Piotrek1979"]
[Black "Djager97"]
[Result "0-1"]
[WhiteElo "2343"]
[BlackElo "2451"]
[TimeControl "180+1"]
[EndTime "11:36:50 PDT"]
[Termination "Djager97 won by resignation"]

1. Nf3 d5 2. c4 e6 3. b3 Nf6 4. Bb2 Be7 5. g3 O-O 6. Bg2 b6 7. O-O Bb7 8. d3 c5 9. e3 Nbd7 10. Qc2 Rc8 11. Nbd2 Qc7 12. Rac1 Qb8 13. Qb1 Rfd8 14.
Qa1 Bf8 15. Rfd1 a6 16. cxd5 Nxd5 17. a3 b5 18. Ne4 c4 19. bxc4 bxc4 20. Rxc4 Rxc4 21.
dxc4 Nxe3 22. fxe3 Bxe4 23. Ne5 Nxe5 24. Rxd8 Qxd8 25.
Bxe5 Bxg2 26. Kxg2 Qd2+ 27. Kf3 f6 28. Bd4 e5 29.
Bc3 Qxh2 30. Qd1 Qh5+ 31. g4 Qh3+ 32. Ke4 Qg2+ 33. Kf5 Qc6 34. Qd5+ Qxd5 35. cxd5 Kf7 36. a4 Bc5 37. Ke4 g6 38. Be1 Bd6 39. Bh4 h5 40.
gxh5 f5+ 41. Kf3 gxh5 42. e4 f4 43. Bd8 Ke8 44. Bh4 Kd7 45. Bf6 Kc7 46. Bh4 Kb6 47. Be1 Kc5 48. Bd2 Kc4 49. Be1 Kb3 50.
a5 Kc4 51. Kg2 Kd3 52. Kf3 Kc4 53. Bf2 Kb5 54. Be1 Bc7 55. Ke2 Bxa5 56. Bh4 Bb4 57. Kd3 a5 58. Bf6 Bd6 59. Bd8 a4 60. Kc3 a3 61.
Bh4 a2 62. Kb2 Kc4 63. Kxa2 Kd3 64. Kb3 Kxe4 65. Kc4 Kf3 66. Kb5 e4 67. Kc6 Be5 68.
Be7 e3 69. Bd6 Bxd6 70. Kxd6 e2 0-1

[Event "*** SCC Grand Prix: Titled Tuesday Blitz"]
[Site "Chess.com"]
[Date "2020.06.23"]
[Round "8"]
[White "vugarrasulov"]
[Black "kirillshevchenko"]
[Result "0-1"]
[WhiteElo "2803"]
[BlackElo "2933"]
[TimeControl "180+1"]
[EndTime "11:36:53 PDT"]
[Termination "kirillshevchenko won on time"]

1. e4 e5 2. Nf3 Nc6 3. Bb5 a6 4.
Ba4 b5 5. Bb3 g6 6. c3 Bg7 7. d4 exd4 8. cxd4 d6 9. O-O Nge7 10.
Nc3 O-O 11. h3 Na5 12. Bc2 c5 13. dxc5 dxc5 14. e5 Bf5 15. Bxf5 Nxf5 16. Qxd8 Rfxd8 17. Bg5 Rd3 18. Ne4 c4 19. Rfe1 Rxf3 20. gxf3 Nd4 21. Kg2 Nc2 22. Nf6+ Bxf6 23. exf6 b4 24. Re5 Nxa1 25.
Rxa5 Nc2 26. Rc5 b3 27. a4 Ne1+ 28. Kg3 Nd3 29. Rxc4 Nxb2 30. Rb4 a5 31. Rxb3 Nxa4 32. Be3 Rc8 33. Bd4 h5 34. Kf4 Nc5 35. Bxc5 Rxc5 36. Rb8+ Kh7 37. Ra8 g5+ 38. Ke4 Kg6 39. Ra6 Rf5 40.
Ke3 Rb5 41. Ke4 Rb4+ 42. Ke3 a4 43. Ke2 Rb3 44. Rxa4 Kxf6 45. Ra5 Rb1 46. Ra6+ Kf5 47. Ra5+ Kg6 48. Ra6+ f6 49. f4 gxf4 50. Kf3 Rb3+ 51. Kxf4 Rxh3 52. Ra8 Rh1 53. Rg8+ Kf7 54. Ra8 Rg1 55.
Rh8 Rg5 56. Ke3 Rf5 57. f4 Rb5 58. Kf3 Kg6 59. Kg3 Rb1 60. Rg8+ Kf5 61. Rh8 Rb3+ 62. Kh4 Kxf4 63. Ra8 f5 64. Ra4+ Kf3 65. Kg5 Rb5 66.
Rf4+ Kg3 0-1

[Event "*** SCC Grand Prix: Titled Tuesday Blitz"]
[Site "Chess.com"]
[Date "2020.06.23"]
[Round "8"]
[White "tsvet2005"]
[Black "ChessicallyInclined"]
[Result "1/2-1/2"]
[WhiteElo "2632"]
[BlackElo "2488"]
[TimeControl "180+1"]
[EndTime "11:36:53 PDT"]
[Termination "Game drawn by repetition"]

1. g4 h5 2. gxh5 d5 3. e3 Nf6 4. c4 c6 5. Bg2 Bg4 6. Nf3 Nbd7 7.
d4 e5 8. dxe5 Nxe5 9. cxd5 cxd5 10. Nc3 Bd6 11. Qa4+ Bd7 12. Qc2 Rxh5 13. Nd4 Rc8 14. Qe2 Rh7 15. Bd2 Nc4 16. Nxd5 Nxd5 17. Bxd5 Nxd2 18. Qxd2 Qb6 19. a3 Rh5 20. Bf3 Rxh2 21.
Rxh2 Bxh2 22. Kf1 Be5 23. Rd1 Qg6 24. Ne2 Bh3+ 25. Ke1 Kf8 26. Bxb7 Re8 27. Qa5 Qb6 28. Qxb6 axb6 29. Nd4 Rb8 30. Nc6 Re8 31. Nxe5 Rxe5 32. Bc6 Rc5 33. Bf3 Be6 34. Rd2 Ke7 35. Kd1 g5 36. b4 Rc3 37. a4 Bb3+ 38. Ke2 Bxa4 39. Rb2 Bb5+ 40. Kd2 Rd3+ 41. Kc2 Rd6 42. Ra2 f5 43.
Ra7+ Kf6 44. Rh7 g4 45. Bb7 Bd3+ 46. Kc3 f4 47. Rh6+ Bg6 48. Be4 Kg5 49. Rxg6+ Rxg6 50.
exf4+ Kf6 51. Bxg6 Kxg6 52. Kd4 Kf5 53. Ke3 b5 54.
Ke2 Kxf4 55. Kf1 Kf3 56. Kg1 Ke4 57. Kg2 Kf4 58. Kh2 Kf3 59. Kg1 g3 60. fxg3 Kxg3 61. Kf1 Kf3 62. Ke1 Ke3 63. Kd1 Kd3 64. Kc1 Kc3 65. Kb1 Kb3 66. Ka1 Ka3 67. Kb1 Ka4 68. Ka2 Kxb4 69. Kb2 Kc4 70. Kc2 Kc5 71. Kb3 Kb6 72. Kb4 Kc6 73. Kb3 Kc5 74. Kc3 b4+ 75.
Kb3 Kb5 76. Kb2 Ka4 77. Ka2 b3+ 78. Kb2 Kb4 79. Kb1 Kc4 80. Kb2 Kb4 81. Kb1 Kc3 82. Kc1 Kd3 83. Kb2 Kc4 84. Kb1 Kc5 85. Kb2 Kb4 1/2-1/2

[Event "*** SCC Grand Prix: Titled Tuesday Blitz"]
[Site "Chess.com"]
[Date "2020.06.23"]
[Round "8"]
[White "ValentinDragnev"]
[Black "Elegance_Riks"]
[Result "1/2-1/2"]
[WhiteElo "2736"]
[BlackElo "2597"]
[TimeControl "180+1"]
[EndTime "11:36:54 PDT"]
[Termination "Game drawn by repetition"]

1. Nf3 Nf6 2. c4 g6 3. b3 Bg7 4.
Bb2 O-O 5. g3 d6 6. d4 c5 7. Bg2 d5 8. O-O dxc4 9. bxc4 Qb6 10.
Qc1 Nfd7 11. e3 Nc6 12. Nbd2 cxd4 13. exd4 Nxd4 14. Bxd4 Bxd4 15. Rb1 Qf6 16. Ne4 Qg7 17. Rd1 Bf6 18. Qa3 Ne5 19. Nxe5 Bxe5 20. Qxe7 Bf5 21.
Rxb7 Rae8 22. Qc5 Bxe4 23. Bxe4 Bxg3 24. hxg3 Rxe4 25. Rxa7 Rfe8 26. Qd5 Qf6 27. Ra8 Kg7 28. Rxe8 Rxe8 29. Rd2 Re1+ 30. Kg2 Rc1 31. a4 Qc3 32. a5 Qxc4 33. Qxc4 Rxc4 34. Ra2 Rc7 35. a6 Ra7 36. Kf3 Kf6 37. Kf4 h6 38. Ke4 Ke6 39.
Kd4 Kd6 40. Ra3 h5 41. Ke4 Ke6 42. Kf4 f6 43. Ke4 g5 44. f4 f5+ 45. Kd4 gxf4 46.
gxf4 Kd6 47. Rg3 Kc6 48. Ke5 h4 49. Rg6+ Kb5 50. Kxf5 Rh7 51. Ke6 h3 52. Rg1 Kxa6 53. f5 h2 54. Rh1 Kb7 55. f6 Rh3 56. f7 Re3+ 57. Kd6 Rd3+ 58. Ke7 Re3+ 59. Kd8 Rd3+ 60. Ke8 Re3+ 61. Kf8 Re2 62. Kg7 Rg2+ 63. Kf6 Rf2+ 64. Kg6 Rg2+ 65. Kh6 Rf2 66. Kg7 Rg2+ 67. Kf8 Rf2 68. Ke7 Re2+ 69. Kf6 Rf2+ 70. Ke6 Re2+ 71. Kd5 Rd2+ 72. Ke6 Re2+ 73. Kf5 Rf2+ 74. Kg6 Rg2+ 75.
Kh5 Rf2 76. Kg6 1/2-1/2

[Event "*** SCC Grand Prix: Titled Tuesday Blitz"]
[Site "Chess.com"]
[Date "2020.06.23"]
[Round "8"]
[White "Eltaj_Safarli"]
[Black "Infernal_XaM"]
[Result "1/2-1/2"]
[WhiteElo "2951"]
[BlackElo "2821"]
[TimeControl "180+1"]
[EndTime "11:36:55 PDT"]
[Termination "Game drawn by agreement"]

1. e4 e6 2. d4 d5 3. Nd2 b6 4.
Ngf3 Nf6 5. exd5 exd5 6. Bd3 Bd6 7.
O-O O-O 8. Re1 Bb7 9. Ne5 Nbd7 10. Ndf3 Ne4 11. c4 f5 12. Qb3 Bxe5 13. Nxe5 Nxe5 14. dxe5 Nc5 15. Qc2 Nxd3 16. Qxd3 d4 17. f3 c5 18. b4 cxb4 19. Bb2 Qe7 20. Bxd4 Rfd8 21. Rad1 Qe6 22. Qe3 Rd7 23. Rd2 Rad8 24. Red1 Ba6 25. c5 Bc4 26. cxb6 axb6 27. Qf2 h6 28. h4 b5 29. h5 f4 30. Rb1 Bxa2 31. Rxb4 Bc4 32. Rb1 Qf5 33. Re1 Qxh5 34. e6 Re7 35.
Bb2 Rxd2 36. Qxd2 Rxe6 37. Rxe6 Bxe6 38. Qxf4 Bc4 39. Qd4 Qf7 40. Kf2 Qg6 41. Bc3 Kh7 42. Qe5 Bd3 43. Qd4 Bc4 44. Qe5 Bf7 45. Qd4 h5 46.
Qe5 h4 47. Bd2 Be6 48. Qf4 Qh5 49. Qe4+ Bf5 50. Qe5 Qg6 51. Qf4 Qh5 52. Qe5 h3 53. gxh3 Qh4+ 54. Ke2 Qxh3 55. Bc3 Qg2+ 56. Ke3 Bc2 57.
Qh5+ Kg8 58. Qe8+ Kh7 59. Qh5+ Kg8 60. Qxb5 Qg1+ 61. Kf4 Qh2+ 62. Ke3 Qg1+ 63. Kd2 Qg6 64. Qb8+ Kh7 65. Qh2+ Kg8 66. Qe5 Bf5 67. Ke3 Qe6 68.
Kf4 Qxe5+ 69. Bxe5 g6 70. Kg5 Kf7 71. f4 Ke6 1/2-1/2

[Event "*** SCC Grand Prix: Titled Tuesday Blitz"]
[Site "Chess.com"]
[Date "2020.06.23"]
[Round "8"]
[White "Dmitry_Konenkin"]
[Black "Titus369"]
[Result "0-1"]
[WhiteElo "2395"]
[BlackElo "2562"]
[TimeControl "180+1"]
[EndTime "11:36:56 PDT"]
[Termination "Titus369 won by resignation"]

1. d4 d5 2. Bg5 h6 3. Bh4 c6 4. e3 Qb6 5. Qc1 e5 6. Nf3 e4 7. Nfd2 Ne7 8. c4 Nf5 9. Bg3 Be6 10. Nc3 Nd7 11. cxd5 cxd5 12. Bb5 Nxg3 13. hxg3 Rc8 14. Qd1 Qd8 15. Qb3 a6 16. Bxd7+ Qxd7 17. Na4 Rc6 18. O-O Be7 19. Rac1 O-O 20. Nb6 Qc7 21. Rxc6 bxc6 22.
a4 a5 23. Nxe4 dxe4 24. Nc4 Rb8 25. Qc2 Bxc4 26. Qxc4 Rxb2 27. Rc1 Rb4 28. Qxc6 Qxc6 29. Rxc6 Rxa4 30. d5 Ra1+ 31. Kh2 Rd1 32. Rc4 Rxd5 33.
Rxe4 Bb4 34. Re8+ Kh7 35. Ra8 Rd2 36. f3 Ra2 37. Ra7 Kg6 38. Ra6+ f6 39. e4 Bc3 40.
f4 Kh7 41. Rc6 Bb2 42. Rc2 a4 43. e5 fxe5 44. fxe5 a3 45. e6 Ra1 46. Re2 Bf6 47.
e7 Bxe7 48. Rxe7 Rc1 49. Ra7 Rc3 50. Ra6 Rb3 51. Kh3 h5 52. Kh4 g6 53. Kh3 g5 54.
Kh2 Kg7 55. Ra5 Kf6 56. Ra6+ Kf5 57. Ra5+ Kg6 58. Ra6+ Kf7 59. Ra7+ Ke6 60. Ra6+ Kd7 61. Ra5 g4 62. Rxh5 a2 63. Ra5 Rb2 64. Ra4 Kc6 65.
Ra6+ Kc5 66. Ra5+ Kc4 67. Ra8 Kd3 68. Rd8+ Kc2 69. Rc8+ Kb1 70. Rf8 a1=Q 71. Rf1+ Ka2 72. Rxa1+ Kxa1 73. Kg1 Ka2 74. Kh2 Kb3 75. Kg1 Kc4 76.
Kh2 Kd4 77. Kg1 Ke3 78. Kh2 Kf2 79. Kh1 Kxg3 0-1

[Event "*** SCC Grand Prix: Titled Tuesday Blitz"]
[Site "Chess.com"]
[Date "2020.06.23"]
[Round "8"]
[White "alexsergeyev"]
[Black "esrosenberg"]
[Result "0-1"]
[WhiteElo "2367"]
[BlackElo "2162"]
[TimeControl "180+1"]
[EndTime "11:36:56 PDT"]
[Termination "esrosenberg won on time"]

1. d4 Nf6 2. c4 e6 3. Nf3 d5 4. Nc3 Bb4 5. cxd5 exd5 6. Qc2 O-O 7. Bg5 h6 8. Bh4 c5 9. e3 Nc6 10. dxc5 d4 11. exd4 Nxd4 12. Nxd4 Qxd4 13. Bxf6 Qxf6 14. Be2 Bf5 15. Qb3 Bxc3+ 16. Qxc3 Qxc3+ 17. bxc3 Rfe8 18.
Rd1 Rac8 19. Rd5 Be6 20. Re5 Bc4 21. Re3 Rxe3 22. fxe3 Rxc5 23. Bxc4 Rxc4 24. Kd2 Ra4 25. Ra1 f5 26. Kc2 Kf7 27. Kb3 Rh4 28. Rd1 Ke6 29. h3 Re4 30. Rd3 b5 31. a3 a5 32. Kc2 g5 33. Kd2 Ra4 34. Rd8 Rxa3 35. Rh8 Ra2+ 36.
Kd3 Rxg2 37. Rxh6+ Ke5 38. Rb6 Rb2 39. Rg6 a4 40.
Rxg5 a3 41. Rg6 a2 42. Ra6 Rh2 43. h4 Kd5 44. h5 Kc5 45. h6 b4 46. cxb4+ Kb5 47. Ra8 Kxb4 48. h7 Kb3 49. Kd4 Rxh7 50. Rb8+ Kc2 51. Rc8+ Kb1 52. Rb8+ Ka1 53. Ke5 Re7+ 54.
Kf4 Re4+ 55. Kf3 Rc4 56. Rb5 Rc1 57. Kf4 Rf1+ 58. Ke5 Rf2 59. e4 fxe4 60. Kxe4 Rb2 61. Rh5 Rb4+ 62. Kd3 Kb2 0-1

[Event "*** SCC Grand Prix: Titled Tuesday Blitz"]
[Site "Chess.com"]
[Date "2020.06.23"]
[Round "8"]
[White "Omk124"]
[Black "Walter_White_Poland"]
[Result "0-1"]
[WhiteElo "2368"]
[BlackElo "2222"]
[TimeControl "180+1"]
[EndTime "11:36:57 PDT"]
[Termination "Walter_White_Poland won on time"]

1. e4 e5 2. Nf3 Nc6 3. Bc4 Nf6 4. d3 d5 5. exd5 Nxd5 6. O-O Nb6 7. Bb3 Bg4 8. h3 Bh5 9. Re1 Qe7 10. Nbd2 O-O-O 11. a4 a5 12. Qe2 f6 13. Qe3 Nd5 14. Bxd5 Rxd5 15. Nc4 Qc5 16. Qxc5 Bxc5 17. Be3 Bxf3 18. gxf3 Bb4 19. Bd2 Bxd2 20. Nxd2 Nd4 21. Rac1 Rhd8 22. Kg2 b6 23. Re3 Kb7 24. Nc4 Nf5 25. Re4 R5d7 26. Rce1 g5 27. Ne3 Nh4+ 28. Kg3 f5 29. Rxe5 f4+ 30.
Kg4 fxe3 31. fxe3 h6 32. f4 Rg7 33. Rf1 Ng6 34. Re4 gxf4 35. exf4 Nxf4+ 36. Kh4 Ng2+ 37. Kh5 Rd6 38. Rf5 Rg3 39. h4 Ne3 40. Rf2 Nd5 41. Rg4 Rxg4 42. Kxg4 Nf6+ 43. Kf5 Nd5 44. Ke5 Nb4 45. h5 Rd5+ 46. Ke6 Rxh5 47. Rd2 Nc6 48. b3 Re5+ 49. Kf6 Rd5 50. Rh2 Rc5 51. Rxh6 Rxc2 52. Rh5 Nd4 53. Rd5 Nxb3 54. Rd7 Nc5 55. Rd8 Nxa4 56. d4 Nb2 57. d5 Rd2 58. Rd7 Nc4 59.
Ke6 Nd6 60. Ke7 Rc2 61. Kd8 a4 62. Rxc7+ Ka6 63. Rxc2 Kb5 64. Kd7 Nc4 65. Ke6 a3 66. Ra2 Kb4 67. Rh2 Kb3 68. Rh3+ Kb4 0-1

[Event "*** SCC Grand Prix: Titled Tuesday Blitz"]
[Site "Chess.com"]
[Date "2020.06.23"]
[Round "8"]
[White "Raja3401"]
[Black "QuintilianoR"]
[Result "1/2-1/2"]
[WhiteElo "2789"]
[BlackElo "2637"]
[TimeControl "180+1"]
[EndTime "11:36:58 PDT"]
[Termination "Game drawn - insufficient material"]

1. e4 e5 2. Nf3 Nc6 3. Bb5 a6 4. Ba4 d6 5. O-O Bd7 6. d4 Nxd4 7. Bxd7+ Qxd7 8. Nxd4 exd4 9. Qxd4 Nf6 10. Nc3 Be7 11. Bg5 O-O 12. e5 Ne8 13. Bf4 Rd8 14. Rad1 f6 15.
Qc4+ Kh8 16. e6 Qc6 17. Qb3 d5 18. Nxd5 Qxe6 19. Rfe1 Qf7 20. Nxe7 Rxd1 21. Rxd1 Qxe7 22. Qxb7 Qe2 23. Rc1 Qc4 24. Be3 Qxa2 25. h4 Qc4 26.
h5 h6 27. c3 Nd6 28. Qf3 Rb8 29. Rc2 Kh7 30. Rd2 Qe4 31. Qxe4+ Nxe4 32. Rd4 Nd6 33.
b4 Rb5 34. Rf4 Rxh5 35. Bc5 Nb7 36. Be3 Rb5 37. Re4 a5 38. Re7 axb4 39. cxb4 Rxb4 40. Rxc7 Rb1+ 41. Kh2 Nd6 42. g4 Ne4 43. Kg2 Rb2 44.
Kf3 Ng5+ 45. Kg3 Ne4+ 46. Kf3 Nd6 47. Rd7 Ne8 48. Bd4 Rb3+ 49. Kg2 Rb5 50. Re7 Nd6 51. Bxf6 Kg6 52. Bxg7 Nf7 53. Bd4 Rb4 54. Rd7 h5 55. gxh5+ Kxh5 56. Kf3 Ng5+ 57. Ke3 Ne6 58. Rd5+ Kg6 59.
f4 Nxd4 60. Rd6+ Kf5 61. Rd5+ Kf6 62. Rxd4 Rxd4 63. Kxd4 Kf5 64. Ke3 Ke6 65. Kf3 Kf6 66. Kg4 Kg6 67. f5+ Kf6 68. Kf4 Kf7 69. Kg4 Kf6 70. Kf4 Kf7 71. Kg5 Kg7 72. f6+ Kf7 73. Kf5 Kf8 74. Ke4 Kf7 75. Ke5 Kf8 76. Ke6 Ke8 77. Kd6 Kf7 78. Ke5 Kf8 79. Ke6 Ke8 80. Ke5 Kf7 81. Kf5 Kf8 82. Kg6 Kg8 83. f7+ Kf8 84. Kh6 Kxf7 1/2-1/2

[Event "*** SCC Grand Prix: Titled Tuesday Blitz"]
[Site "Chess.com"]
[Date "2020.06.23"]
[Round "8"]
[White "kushagramohan"]
[Black "hermionegrangermagic"]
[Result "0-1"]
[WhiteElo "2717"]
[BlackElo "2566"]
[TimeControl "180+1"]
[EndTime "11:37:00 PDT"]
[Termination "hermionegrangermagic won by resignation"]

1. e4 c5 2. Nf3 Nc6 3. d4 cxd4 4. Nxd4 e5 5. Nb5 d6 6. c4 Be7 7. Bd3 Nf6 8. O-O O-O 9. h3 Be6 10. N5c3 Nd7 11. Nd5 Nd4 12. Nbc3 Nb6 13. Be3 Bxd5 14. cxd5 Rc8 15. Bxd4 exd4 16. Nb5 a6 17. Nxd4 Bf6 18. Nf5 g6 19. Nh6+ Kg7 20. Qd2 Bg5 21. Nf5+ gxf5 22. f4 fxe4 23. Bxe4 Be7 24. Rae1 f5 25. Bb1 Bh4 26. Re6 Rf6 27. Qd4 Rc4 28. Qe3 Rxe6 29. dxe6 Nd5 30. Qd3 Qb6+ 31. Kh1 Ne3 32. e7 Bxe7 33. Re1 Re4 34. Qd2 Nc4 35. Qd1 Rxe1+ 36. Qxe1 Qe3 37. Qd1 Qd2 38. Qxd2 Nxd2 39. Bxf5 Nc4 40.
Bc8 Nxb2 41. Bxb7 a5 42. g4 Nd3 43. f5 Nc1 44. a4 Nb3 45. Kg2 Nc5 46. Bc6 Kf6 47.
Kg3 Ke5 48. h4 h6 49. Kf3 Nb3 50. Bd7 Nd4+ 51. Ke3 Nc2+ 52. Kd3 Nb4+ 53. Kc4 d5+ 54. Kb5 d4 55. Kxa5 d3 56. Bb5 d2 57. Be2 Nc2 58.
Kb6 Ne3 59. a5 Bd8+ 60. Kb5 Nd5 61. Bf3 Nc3+ 62. Kb4 Na2+ 63. Kb3 Nc1+ 64. Ka4 Kf4 65. Bd1 Nd3 66. Kb5 Nb2 67. a6 Nxd1 68. a7 Nc3+ 69.
Kc4 d1=Q 70. a8=Q Qd5+ 71. Qxd5 Nxd5 72. Kxd5 Bxh4 73. Ke6 Kxg4 0-1

[Event "*** SCC Grand Prix: Titled Tuesday Blitz"]
[Site "Chess.com"]
[Date "2020.06.23"]
[Round "8"]
[White "sergeikim"]
[Black "IsaacWiebe"]
[Result "1/2-1/2"]
[WhiteElo "2493"]
[BlackElo "2110"]
[TimeControl "180+1"]
[EndTime "11:37:00 PDT"]
[Termination "Game drawn - insufficient material"]

1. d4 d5 2. c4 dxc4 3. e3 e5 4. Bxc4 Nc6 5. Nf3 exd4 6. exd4 Bb4+ 7. Nc3 Nf6 8. O-O O-O 9. h3 Bf5 10. Bg5 Be7 11. Re1 Re8 12. a3 h6 13. Bh4 Bg6 14. d5 Nb8 15. Ne5 Bd6 16. Nxg6 fxg6 17. Bd3 g5 18. Bg3 Bxg3 19. fxg3 Nbd7 20. Bf5 Nb6 21. Be6+ Kh8 22. Qd3 c6 23. d6 Nbd5 24. Nxd5 Qxd6 25. Bf7 Rxe1+ 26. Rxe1 Nxd5 27. Kh2 Rf8 28. Bg6 Qf6 29. Be4 Nb6 30. b3 Rd8 31. Qc2 Qd4 32. Bg6 Qf6 33.
a4 Nd5 34. Bh5 Qc3 35. Qxc3 Nxc3 36. Re7 Rb8 37. Bg6 Nd5 38. Rd7 Nf6 39. Rf7 Nd5 40. h4 gxh4 41. gxh4 a5 42. Kh3 b5 43. g3 Nf6 44. Rc7 bxa4 45. bxa4 Kg8 46. Rxc6 Kf8 47. Ra6 Rb3 48. Rxa5 Ke7 49. Ra7+ Kf8 50. a5 Ra3 51. a6 Nd5 52. Be4 Nf6 53. Bc6 Nh5 54. Kg4 Nxg3 55. Ra8+ Ke7 56. a7 h5+ 57. Kg5 Kf7 58. Bd5+ Ke7 59.
Rg8 Rxa7 60. Rxg7+ Kd6 61. Rxa7 Kxd5 62. Rh7 Ke5 63. Rf7 Ke6 64. Rf3 Ne4+ 65. Kxh5 Nf6+ 66. Kg6 Ng4 67. h5 Ne5+ 68. Kg7 Nxf3 69. h6 Ng5 70. Kg6 Nf7 71. h7 Ke7 72. Kg7 Ke8 73. Kg8 Ke7 74.
Kg7 Ke8 75. h8=Q+ Nxh8 1/2-1/2

[Event "*** SCC Grand Prix: Titled Tuesday Blitz"]
[Site "Chess.com"]
[Date "2020.06.23"]
[Round "8"]
[White "StephenDedalus83"]
[Black "Sanan_Sjugirov"]
[Result "1-0"]
[WhiteElo "2798"]
[BlackElo "2866"]
[TimeControl "180+1"]
[EndTime "11:37:03 PDT"]
[Termination "StephenDedalus83 won on time"]

1. e4 c6 2. d4 d5 3. e5 Bf5 4. c3 e6 5. Be3 Ne7 6. Nd2 Bg6 7.
f4 Nd7 8. Ngf3 c5 9. dxc5 Nf5 10. Bf2 Bxc5 11. Bxc5 Nxc5 12. Bb5+ Nd7 13. Qa4 a6 14. Bxd7+ Qxd7 15. Qxd7+ Kxd7 16. Kf2 b5 17. Nb3 Rhc8 18. Na5 Rab8 19. a3 Kc7 20. Rhc1 Kb6 21. Nb3 Rc4 22.
g3 Rbc8 23. Nfd2 R4c7 24. g4 Ne7 25. Nd4 Nc6 26. N2b3 Be4 27. Ke3 Na5 28. Nxa5 Kxa5 29. Kd2 Rc4 30. b3 R4c7 31. b4+ Kb6 32. a4 bxa4 33. Rxa4 Kb7 34. Ra5 Rc4 35. f5 exf5 36. gxf5 Re8 37. e6 fxe6 38. fxe6 Bg6 39. Rca1 Rf8 40.
Rxa6 Rf2+ 41. Ke3 Rxh2 42. Ra7+ Kb8 43. Rxg7 Rxc3+ 44. Kf4 Rh4+ 45. Ke5 Re4+ 46. Kd6 Rxd4 47. Raa7 Re4 48. Rgb7+ Kc8 49. Rd7 Kb8 50. Rab7+ Ka8 51.
Ra7+ Kb8 52. Rdb7+ Kc8 53. Rg7 Kb8 54. Rab7+ Ka8 55.
Rbd7 Rxe6+ 56. Kxe6 Rc6+ 57. Kxd5 Rb6 58. Rd8+ Rb8 59.
Rxb8+ Kxb8 60. b5 Bd3 61. b6 Bc2 62. Kd6 Be4 63. Kc5 h5 64. Rg5 Bf3 65. Rf5 Bg2 66.
Rf4 h4 67. Rxh4 Bf3 68. Rh8+ Kb7 69. Rh7+ Kb8 70. b7 Bxb7 71. Kb6 1-0

[Event "*** SCC Grand Prix: Titled Tuesday Blitz"]
[Site "Chess.com"]
[Date "2020.06.23"]
[Round "8"]
[White "ArnieChipmunk"]
[Black "LuckSlayeer"]
[Result "1/2-1/2"]
[WhiteElo "2335"]
[BlackElo "2440"]
[TimeControl "180+1"]
[EndTime "11:37:05 PDT"]
[Termination "Game drawn by repetition"]

1. e4 c5 2. Nf3 Nc6 3. d4 cxd4 4. Nxd4 e5 5. Nb5 d6 6. N1c3 a6 7. Na3 b5 8. Nd5 Nce7 9. c4 Nxd5 10. exd5 f5 11.
cxb5 Nf6 12. bxa6 Be7 13. Bb5+ Kf7 14. O-O Rf8 15. Bg5 Kg8 16. Rc1 f4 17. Bxf6 Bxf6 18. Qc2 f3 19. Qc7 fxg2 20. Kxg2 e4 21. Qxd8 Rxd8 22.
Rfe1 Bxb2 23. Rxc8 Raxc8 24. Nc4 Rc5 25. a4 Bc3 26. Rxe4 Rxd5 27. f4 Rxb5 28. axb5 d5 29. Re3 Bd4 30. Re6 dxc4 31. b6 c3 32. Rc6 c2 33. b7 Kf7 34. Rxc2 Ba7 35. Rc8 Rd6 36.
b8=Q Bxb8 37. Rxb8 Rxa6 38. Kg3 Ra3+ 39. Kg2 h6 40.
Rb5 Kg6 41. Rc5 Kf6 42. Rb5 Ra2+ 43. Kg3 Ra3+ 44. Kg2 Rd3 45. Rc5 Kg6 46. Rb5 Rd4 47. Kg3 Rd2 48. Kf3 Rxh2 49. Kg3 Ra2 50. Kf3 Kf6 51.
Rb6+ Kf7 52. Rb7+ Kg6 53. Rb5 h5 54. Rg5+ Kh6 55. Rb5 Ra3+ 56. Kg2 h4 57. Rg5 g6 58.
Rg4 Kh5 59. Rg5+ Kh6 60. Rg4 h3+ 61. Kh2 Kh5 62. Rg3 Ra4 63. Rxh3+ Kg4 64. Rg3+ Kf5 65. Rg5+ Kf6 66. Rg4 Ra3 67. Rh4 Kf5 68. Kg2 Ra2+ 69.
Kg3 Ra3+ 70. Kg2 Ra4 71. Kg3 Ra3+ 72. Kg2 1/2-1/2

[Event "*** SCC Grand Prix: Titled Tuesday Blitz"]
[Site "Chess.com"]
[Date "2020.06.23"]
[Round "8"]
[White "WIDBIFS"]
[Black "Lupul_Cenusiu"]
[Result "1/2-1/2"]
[WhiteElo "2708"]
[BlackElo "2573"]
[TimeControl "180+1"]
[EndTime "11:37:06 PDT"]
[Termination "Game drawn by repetition"]

1. d4 Nf6 2. Nf3 e6 3. Bf4 d6 4.
e3 g6 5. h3 Bg7 6. Nbd2 O-O 7. Bc4 a6 8. a4 b6 9. O-O Bb7 10. Qe2 Ne4 11. Bh2 Re8 12. c3 Qc8 13. Nxe4 Bxe4 14. Nd2 Bb7 15. e4 d5 16. Bd3 c5 17.
dxc5 bxc5 18. Rfe1 Nc6 19. exd5 exd5 20. Qf3 Qd7 21. Bf4 c4 22. Bc2 Ne5 23. Qg3 f6 24. Rad1 Qf7 25. Be3 f5 26. Bf4 Nd7 27. Nf3 Nc5 28. Be5 Ne4 29. Bxe4 dxe4 30. Bxg7 exf3 31. Be5 fxg2 32. f4 Rad8 33. Qh4 Rxd1 34. Rxd1 Qe7 35. Qf2 Be4 36. Rd6 Qf7 37. Qd4 Re6 38. Rd8+ Re8 39. Rd7 Re7 40. Rd8+ Re8 41. Rd7 Re7 42. Rd6 Re6 43. a5 Rxd6 44. Qxd6 Qb7 45. Qf6 Bf3 46. Qh8+ Kf7 47. Qxh7+ Kf8 48. Qh8+ Kf7 49. Qg7+ Ke8 50.
Qxg6+ Qf7 51. Qxa6 Qd7 52. Qg6+ Qf7 53. Qxf7+ Kxf7 54. a6 Kg6 55. a7 Kh5 56. b3 cxb3 57. c4 Bc6 58. Kh2 Kh4 59. Bb2 Kh5 60. Bf6 Kg6 61.
Bd4 Kh5 62. Bb2 Kh4 63. Bf6+ Kh5 64. Bd4 Kh4 65. Bf2+ Kh5 66. Bd4 Kh4 67. Bc3 Kh5 68. Kg1 Kh4 69. a8=Q Bxa8 70. Kh2 Kh5 71. Bb2 Bc6 72. Bc3 Bb7 73. Bb2 Bc6 74. Bc3 Bb7 75. Bb2 Bc6 1/2-1/2

[Event "*** SCC Grand Prix: Titled Tuesday Blitz"]
[Site "Chess.com"]
[Date "2020.06.23"]
[Round "8"]
[White "AttilaTurzo"]
[Black "KazakhFighter04"]
[Result "0-1"]
[WhiteElo "2502"]
[BlackElo "2744"]
[TimeControl "180+1"]
[EndTime "11:37:06 PDT"]
[Termination "KazakhFighter04 won on time"]

1. e4 c5 2. Nf3 d6 3. d4 cxd4 4. Nxd4 Nf6 5. Nc3 a6 6. Bg5 e6 7. f4 h6 8. Bh4 Qb6 9. a3 Be7 10.
Bf2 Qc7 11. Qf3 b5 12. O-O-O Bb7 13. g4 Nbd7 14. h4 Nc5 15. Bd3 d5 16. e5 Nfe4 17. Bxe4 Nxe4 18. Nxe4 dxe4 19. Qe3 Bd5 20. Kb1 h5 21. f5 hxg4 22. fxe6 fxe6 23. Rhg1 O-O-O 24. Rxg4 Bc5 25. Qc3 Rhf8 26. Nxb5 axb5 27. Qxc5 Qxc5 28. Bxc5 Rf7 29. Rdg1 Rh8 30. b3 Rh7 31. Kb2 Kb7 32. Kc3 Kc6 33. Bd4 Rf3+ 34. Kd2 Rh3 35. Rxg7 Rh2+ 36.
Kc3 R7xh4 37. Ra7 R4h3+ 38. Kb4 Rxc2 39. Ra6+ Kc7 40. Rg7+ Kc8 41. Rg8+ Kc7 42. Ra7+ Bb7 43. Rg7+ Kc6 44. Raxb7 e3 45. Rxb5 e2 46. Rg1 Rh4 47. Rb6+ Kd5 48. Rd6+ Ke4 49. Bf2 Rf4 50. Rd4+ Kf3 51.
Rxf4+ Kxf4 52. Bg3+ Kf3 53. Bh4 Rd2 54. Re1 Rd4+ 55.
Kc3 Rxh4 56. a4 Kf2 57. Rxe2+ Kxe2 58. a5 Ke3 59. b4 Ke4 60. Kc4 Kxe5+ 61. Kc5 Rh1 62.
a6 Rc1+ 63. Kb6 Kd6 64. a7 Ra1 65. b5 e5 66. Kb7 Kc5 67. b6 e4 68. Kc7 e3 69. b7 Rxa7 70. Kb8 Rxb7+ 71. Kxb7 e2 72. Kc7 e1=Q 73. Kd7 Qe5 0-1